AoeStats
← Navix de los Bosques de Lituania

Black Forest

509616102Analyzed
3v3 RM · 3d ago on Sep 27, 2026· 49m 40s· 6 players
Game mode
Random Map
Map size
Normal (6 player)
Population
200
Speed
Normal
Resources
Standard
Victory
Conquest
Starting age
Dark Age
Ending age
Imperial Age
RankedLock teamsTeams togetherTeam positionsShared explorationLock speedFull tech treeHidden civsTurbo modeCheats
Victory
Defeat
🇩🇪 Turks · Germany
792
+14
🇨🇳 Britons · China
764
+17
🇭🇰 Burgundians · Hong Kong SAR China
695
+19
🇨🇴 Persians · Colombia
755
-16
🇦🇺 Danes · Australia
755
-16
740
-16
Navix de los Bosques de Lituania
5:05 Loom
10:25 Feudal Age
14:02 Feudal Age
14:38 Double-Bit Axe
16:12 Wheelbarrow
20:05 Castle Age
21:32 Hand Cart
21:31 Bow Saw
21:06 Horse Collar
23:43 Caravan
24:13 Coinage
26:07 Fletching
26:17 Padded Archer Armor
26:52 Heavy Plow
27:29 Crossbowman
27:33 Elite Skirmisher
29:00 Thumb Ring
30:32 Ballistics
30:23 Masonry
32:22 Bodkin Arrow
32:42 Leather Archer Armor
33:26 Fortified Wall
33:13 Murder Holes
36:42 Forging
39:45 Imperial Age
40:04 Arbalester
40:48 Bracer
40:50 Scale Mail Armor
42:52 Chemistry
42:29 Great Wall
46:05 Ring Archer Armor
46:11 Iron Casting
Derzer
10:23 Feudal Age
13:10 Man-at-Arms
17:55 Arson
22:23 Wheelbarrow
21:34 Town Watch
23:16 Horse Collar
28:18 Castle Age
27:32 Double-Bit Axe
30:10 Gold Mining
30:11 Stone Mining
31:28 Hand Cart
31:57 Town Patrol
32:21 Heavy Plow
33:23 Bow Saw
34:48 Scale Barding Armor
34:51 Husbandry
35:05 Bloodlines
40:55 Imperial Age
40:38 Chain Barding Armor
43:05 Two-Man Saw
42:38 Crop Rotation
42:47 Plate Barding Armor
42:24 Forging
43:26 Citadels
43:04 Cavalier
THENEYK
13:48 Feudal Age
14:56 Man-at-Arms
15:55 Double-Bit Axe
19:42 Horse Collar
24:06 Castle Age
22:03 Arson
24:21 Stone Mining
30:49 Town Watch
33:24 Town Patrol
34:00 Gold Mining
41:23 Imperial Age
44:50 Fletching
45:01 Padded Archer Armor
46:17 Elite Skirmisher
49:13 Bodkin Arrow
Hamurabi1
0:37 Loom
13:26 Feudal Age
20:48 Castle Age
19:36 Double-Bit Axe
19:36 Horse Collar
20:35 Gold Mining
26:53 Fortified Wall
32:42 Imperial Age
31:37 Bow Saw
31:52 Heavy Plow
33:00 Gold Shaft Mining
33:29 Wheelbarrow
32:41 Town Watch
33:21 Padded Archer Armor
34:19 Leather Archer Armor
37:37 Ring Archer Armor
37:50 Thumb Ring
41:03 Stone Mining
45:27 Two-Man Saw
44:45 Hand Cart
45:01 Ballistics
45:00 Masonry
44:31 Treadmill Crane
44:48 Murder Holes
49:48 Fletching
50:47 Hoardings
50:34 Conscription
49:46 Sappers
QUEEN4175
0:44 Loom
12:57 Feudal Age
21:03 Castle Age
19:17 Gold Mining
19:42 Forging
20:18 Stone Mining
20:10 Horse Collar
25:35 Cavalier
27:16 Wheelbarrow
26:50 Scale Barding Armor
26:56 Double-Bit Axe
27:17 Husbandry
27:09 Town Watch
34:16 Imperial Age
32:01 Heavy Plow
32:39 Bow Saw
33:28 Iron Casting
34:45 Paladin
37:37 Chemistry
38:31 Blast Furnace
38:36 Conscription
39:24 Two-Man Saw
39:43 Caravan
40:50 Gold Shaft Mining
40:33 Hand Cart
40:49 Town Patrol
41:13 Chain Barding Armor
41:30 Scale Mail Armor
41:21 Fletching
41:31 Padded Archer Armor
42:10 Crop Rotation
43:57 Hoardings
44:23 Plate Barding Armor
44:18 Fortified Wall
43:38 Pikeman
44:18 Squires
44:08 Arson
47:43 Halberdier
亦非老公
11:34 Feudal Age
20:47 Loom
24:38 Castle Age
25:19 Double-Bit Axe
25:16 Horse Collar
25:28 Gold Mining
25:30 Stone Mining
28:15 Bow Saw
34:06 Fletching
34:17 Padded Archer Armor
34:44 Treadmill Crane
35:26 Ballistics
38:30 Imperial Age
37:50 Gold Shaft Mining
37:29 Masonry
37:22 Bodkin Arrow
37:42 Leather Archer Armor
39:24 Yeomen
39:50 Wheelbarrow
39:31 Elite Longbowman
41:46 Bracer
42:15 Conscription
43:17 Warwolf
43:38 Hand Cart
43:28 Caravan
49:47 Architecture
50:17 Chemistry
49:14 Murder Holes
49:52 Ring Archer Armor
Connection lost

Rejoining the realm…

Still unreachable

The connection could not be restored.

Session expired

The server has moved on; the page needs a fresh start.